 Dungeon Crawl Stone Soup version 0.30-a0-613-gdd512c7efb (webtiles) character file.

Game seed: 9322788478861821506

417 Zonian the Sneak (level 6, -1/30 (32) HPs)
             Began as a Vine Stalker Brigand on Jan 8, 2023.
             Slain by a wight
             ... wielding a +1 falchion
              (5 damage)
             ... on level 4 of the Dungeon.
             The game lasted 00:07:40 (4091 turns).

Zonian the Sneak (Vine Stalker Brigand)             Turns: 4091, Time: 00:07:40

HP:   -1/30 (32)    AC:  4    Str: 14    XL:     6   Next: 92%
MP:   0/7           EV: 13    Int: 11    God:
Gold: 121           SH:  4    Dex: 23    Spells: 5/5 levels left

rFire   . . .      SeeInvis .    a - +2 dagger
rCold   . . .      Faith    .    k - +0 buckler
rNeg    . . .      Spirit   +    b - +0 robe
rPois   .          Reflect  .    (no helmet)
rElec   .          Harm     .    c - +1 cloak
rCorr   .          Rampage  .    (no gloves)
Will    .....                    (no boots)
Stlth   ++++                     r - amulet of the acrobat
HPRegen 1.05/turn                f - +6 ring of dexterity
MPRegen 0.10/turn                (no ring)

@: hasted, drained, very quick
A: fangs 2, regeneration 1, magic shield, antimagic bite, no potion heal 2
a: no special abilities


You were on level 4 of the Dungeon.
You visited 1 branch of the dungeon, and saw 4 of its levels.

You collected 121 gold pieces.

Inventory:

Hand Weapons
 a - a +2 dagger (weapon)
 i - a +0 short sword
Missiles
 d - 20 poisoned darts (quivered)
 e - 2 curare-tipped darts
Armour
 b - a +0 robe (worn)
 c - a +1 cloak (worn)
 k - a +0 buckler (worn)
Jewellery
 f - a +6 ring of dexterity (left hand)
 j - a ring of wizardry
 p - a +6 ring of intelligence
 r - an amulet of the acrobat (around neck)
Wands
 q - a wand of iceblast (8)
Scrolls
 o - 2 scrolls of enchant armour
 s - a scroll of fog
Potions
 g - a potion of mutation
 h - a potion of berserk rage {unknown}
 l - a potion of curing


   Skills:
 + Level 3.4 Fighting
 + Level 3.5 Short Blades
 - Level 1.9 Throwing
 + Level 2.7 Dodging
 + Level 6.6 Stealth


You had 5 spell levels left.
You didn't know any spells.
Your spell library contained the following spells:

 Spells                   Type           Power      Damage    Failure   Level
 Tukima's Dance           Hex            0%         N/A       82%         3
 Passage of Golubria      Tloc           0%         N/A       99%         4
 Yara's Violent Unravell  Hex/Tmut       0%         3d3       100%        5


Dungeon Overview and Level Annotations

Branches:
Dungeon (4/15)
 Temple: D:4-7

Altars:

Shops:
D:3 :


Innate Abilities, Weirdness & Mutations

You have extremely sharp teeth.
Your natural rate of healing is unusually fast.
When hurt, damage is shared between your health and your magic reserves.
Your bite disrupts and absorbs the magic of your enemies.
Potions cannot restore your health.


Message History

You kill the endoplasm!
Found a +0 robe.
You barely miss the wight. The wight hits you with a +0 falchion.
You hit the wight but do no damage. You bite the wight. You drain its power.
You feel invigorated.
The wight is moderately damaged.
The wight closely misses you.
You hit the wight but do no damage. You bite the wight. You drain its power.
The wight is heavily damaged.
The wight closely misses you. The wight misses you.
You hit the wight.
The wight is severely damaged.
The wight hits you with a +1 falchion! The wight misses you.
The wight attacks as you move away! The wight closely misses you.
The wight attacks as you move away! The wight hits you with a +1 falchion!
You hit the wight but do no damage. Your bite misses the wight.
The wight closely misses you.
You hit the wight. You bite the wight, but do no damage.
The wight is moderately damaged.
You hit the wight. You bite the wight, but do no damage.
The wight is moderately damaged.
You block the wight's attack.
You hit the wight.
The wight is severely damaged.
The wight hits you with a +1 falchion!
You barely miss the wight. You bite the wight, but do no damage.
The wight is heavily damaged.
You block the wight's attack.
You barely miss the wight. Your bite misses the wight.
The wight is heavily damaged.
The wight hits you with a +1 falchion!
You hit the wight. Your bite misses the wight.
The wight is severely damaged.
The wight hits you with a +1 falchion!
* * * LOW HITPOINT WARNING * * *
You hit the wight.
The wight is almost destroyed.
The wight barely misses you.
You feel yourself speed up. The wight hits you with a +1 falchion.
You die...

#.###### #..# #.# # #.# ..#..#
#.# # #.# ..#.o# ##.## # #.#
..#..# #...# # #.#
#..#..###...### #.#
.##..#..#.......# #.#
.............<...
#.##############.>####.......#
#...)........@zz[..........###
########################...#
#####


You could see 2 wights.

Vanquished Creatures
  2 necrophages (D:4)
  A howler monkey (D:3)
  A hound (D:4)
  Ijyb (D:3)
  Terence (D:3)
  10 gnolls
  An adder (D:2)
  3 worms
  4 orcs
  5 ball pythons
  A bat (D:1)
  5 endoplasms
  A giant cockroach (D:4)
  8 goblins
  5 hobgoblins
  4 quokkas
  3 frilled lizards
  5 kobolds
  5 rats
66 creatures vanquished.

Notes
Turn   | Place    | Note
-------+----------+-------------------------------------------
     0 | D:1      | Zonian the Vine Stalker Brigand began the quest for the
                  | Orb.
     0 | D:1      | Reached XP level 1. HP: 11/11 MP: 2/2
   292 | D:1      | Reached skill level 1 in Dodging
   292 | D:1      | Reached XP level 2. HP: 12/15 MP: 1/3
   333 | D:1      | Reached skill level 5 in Stealth
   488 | D:1      | Found a faded altar of an unknown god.
  1059 | D:2      | Reached XP level 3. HP: 18/18 MP: 4/4
  1574 | D:2      | Gained mutation: Your natural rate of healing is unusually
                  | fast. [Vine Stalker growth]
  1574 | D:2      | Reached XP level 4. HP: 8/23 MP: 3/5
  1996 | D:3      | Found Duen Jar's Book Boutique.
  1996 | D:3      | Noticed Ijyb
  1999 | D:3      | Killed Ijyb
  2265 | D:3      | Noticed Terence
  2277 | D:3      | Killed Terence
  2278 | D:3      | Reached XP level 5. HP: 27/27 MP: 6/6
  2766 | D:3      | Reached skill level 6 in Stealth
  3401 | D:4      | Reached XP level 6. HP: 29/32 MP: 7/7
  4091 | D:4      | Slain by a wight

Illustrated notes

Levels and vault maps discovered:
D:1:      denvon_arrival_planthouse, layout_basic,
          hellmonk_ecumenical_altar_lost_god
D:2:      layout_basic
D:3:      layout_basic, serial_shops, nicolae_shop_hallway_stairs, uniq_terence,
          uniq_ijyb
D:4:      minmay_angry_zag, layout_loops_ring, portal_sewer_entry_b,
          minmay_misc_feat_roman

Skill      XL: |  1  2  3  4  5 |
---------------+----------------+-----
Dodging        | 1 2 |  2.7
Stealth        | 5 6 |  6.6
Short Blades   | 2 3 |  3.5
Fighting       | 2 3 |  3.4
Throwing       | |  1.9

Action                   |  1- 3 |  4- 6 || total
-------------------------+-------+-------++-------
Melee: Dagger            |    54 |   144 ||   198
       Bite              |    13 |    45 ||    58
Throw: Dart              |     3 |     7 ||    10
Evoke: Wand              |       |     2 ||     2
  Use: Scroll            |       |    10 ||    10
       Potion            |       |     5 ||     5
 Stab: Sleeping          |     9 |     7 ||    16
Armor: Robe              |     8 |    14 ||    22
Dodge: Dodged            |    21 |    74 ||    95
Block: Buckler           |    10 |    17 ||    27

Table legend: (Time is in decaauts)
 A = Elapsed time spent in this place.
 B = Non-inter-level travel time spent in this place.
 C = Inter-level travel time spent in this place.
 D = Time resting spent in this place.
 E = Time spent auto-exploring this place.
 F = Levels seen in this place.
 G = Mean time per level.
                   A        B        C        D        E       F      G
               +--------+--------+--------+--------+--------+-----+--------+
         Total |   4058 |   3891 |    167 |    730 |   2209 |   4 | 1014.5 |
       Dungeon |   4058 |   3891 |    167 |    730 |   2209 |   4 | 1014.5 |
               +--------+--------+--------+--------+--------+-----+--------+

Top non-repeatable levels by time:
     D:3: 1426 daAuts
     D:1: 915 daAuts
     D:4: 862 daAuts
     D:2: 853 daAuts
